 Dungeon Crawl Stone Soup version 0.22-a0-161-g198051cff3 (console) character file.

35 Muffindrake the Stinger (level 3, 0/21 HPs)
             Began as an Octopode Venom Mage on Feb 11, 2018.
             Slain by a hobgoblin
             ... wielding a +0 club
              (1 damage)
             ... on level 2 of the Dungeon.
             The game lasted 00:09:15 (1249 turns).

Muffindrake the Stinger (Octopode Venom Mage)       Turns: 1249, Time: 00:09:16

Health: 0/21       AC:  1    Str:  5 (7)  XL:     3   Next: 33%
Magic:  0/6        EV: 13    Int: 17 (18) God:
Gold:   79         SH:  0    Dex:  9 (12) Spells: 3/6 levels left

rFire    . . .     SeeInvis .   (no weapon)
rCold    . . .     Gourm    .   (no shield)
rNeg     . . .     Faith    .   (helmet restricted)
rPois    .         Spirit   .   (no amulet)
rElec    .         Reflect  .   (no ring)
rCorr    .         Harm     .   (no ring)
MR       .....                  (no ring)
Stlth    +++.......             (no ring)
HPRegen  0.07/turn              (no ring)
MPRegen  0.10/turn              (no ring)
                                (no ring)
                                (no ring)

@: lethally poisoned (0 -> -2)
A: almost no armour, stealthy swim, amphibious, 8 rings, constrict 8, camouflage
1, gelatinous body 1
a: no special abilities


You were on level 2 of the Dungeon.
You were not hungry.

You visited 1 branch of the dungeon, and saw 2 of its levels.

You collected 79 gold pieces.

Inventory:

Scrolls
 e - a scroll of remove curse {unknown}
 g - 3 scrolls of identify {unknown}
 h - 2 scrolls of blinking {unknown}
Potions
 d - a potion of berserk rage {unknown}
 f - a potion of might {unknown}
 i - 2 potions of haste {unknown}
Books
 a - a Young Poisoner's Handbook

   Spells                             Type                      Level
   a - Sting                          Conjuration/Poison           1
   b - Poisonous Vapours              Poison/Air                   2
   c - Mephitic Cloud                 Conjuration/Poison/Air       3
   d - Olgreb's Toxic Radiance        Poison                       4
   e - Venom Bolt                     Conjuration/Poison           5
Comestibles
 b - 6 rations


   Skills:
 + Level 2.4 Dodging
 - Level 2.6 Stealth
 + Level 2.4 Spellcasting
 - Level 1.0 Conjurations
 * Level 4.5 Poison Magic


You had 3 spell levels left.
You knew the following spells:

 Your Spells              Type           Power        Failure   Level  Hunger
a - Sting                 Conj/Pois      ##..         6%          1    #......
b - Poisonous Vapours     Pois/Air       #.....       11%         2    ##.....


Dungeon Overview and Level Annotations

Branches:
Dungeon (2/15)

Altars:


Innate Abilities, Weirdness & Mutations

You cannot wear most types of armour.
You are very stealthy in the water. (Stealth+)
You are amphibious.
You can wear up to eight rings at the same time.
You can use your tentacles to constrict eight enemies at once.
Your skin changes colour to match your surroundings (Stealth+).
Your rubbery body absorbs attacks. (AC +1, EV +1)


Message History

The goblin is severely wounded.
You constrict the goblin.
You kill the goblin!
You feel sick.
You tentacle-slap the frilled lizard. Your grab misses the frilled lizard.
The frilled lizard is heavily wounded.
The frilled lizard bites you but does no damage.
You barely miss the frilled lizard. Your grab misses the frilled lizard.
The frilled lizard is heavily wounded.
The frilled lizard bites you.
* * * LOW HITPOINT WARNING * * *
You tentacle-slap the frilled lizard.
You kill the frilled lizard!
You tentacle-slap the hobgoblin but do no damage.
You grab the hobgoblin. You squeeze the hobgoblin.
The hobgoblin is lightly wounded.
You constrict the hobgoblin.
* * * LOW HITPOINT WARNING * * *
You feel sick. The hobgoblin hits you with a club.
You die...

............ ........#..#
............ ... .#...
.........# #.. ..... ...#....#
#...(.... .).#...# #.#....
......## #.#.l. ....### #...#
÷<..############# #g.#
.............†..#### #.#
..(..##########.@g.######.####
..(..# ####.......)...# .(...#
#####.......# .....#
#.........# .....# #.......###
###### #.......# #.......#
#.......# #########


You could see a hobgoblin.

Vanquished Creatures
  An adder (D:2)
  A leopard gecko (D:1)
  A ball python (D:1)
  4 bats
  A giant cockroach (D:1)
  4 goblins
  3 hobgoblins
  2 frilled lizards (D:2)
  3 kobolds
  2 rats
22 creatures vanquished.

Notes
Turn   | Place    | Note
-------+----------+-------------------------------------------
     0 | D:1      | Muffindrake the Octopode Venom Mage began the quest for the Orb.
     0 | D:1      | Reached XP level 1. HP: 11/11 MP: 3/3
   316 | D:1      | Reached skill level 4 in Poison Magic
   316 | D:1      | Reached XP level 2. HP: 17/17 MP: 3/5
   955 | D:1      | Learned a level 2 spell: Poisonous Vapours
  1242 | D:2      | Reached XP level 3. HP: 6/21 MP: 0/6
  1249 | D:2      | HP: 1/21 [poisoned by an adder]
  1249 | D:2      | Slain by a hobgoblin

Vault maps used:
D:1:      kennysheep_arrival_forest

Skill      XL: |  1 |
---------------+----+-----
Poison Magic   | 4 |  4.5
Dodging        | |  2.4
Stealth        | |  2.6
Spellcasting   | |  2.4
Conjurations   | |  1.0

Action                   || total
-------------------------++-------
Melee: Unarmed           ||    32
       Constrict         ||    10
       Tentacles         ||     4
 Cast: Sting             ||    34
       Poisonous Vapours ||     2
  Use: Potion            ||     1
  Eat: Ration            ||     1
Armor: Skin              ||     9
Dodge: Dodged            ||    47

Table legend:
 A = Spawn XP
 B = Non-spawn XP
 C = Spawn XP percentage of total XP
 D = Spawn monster count
 E = Non-spawn monster count
 F = Spawn count percentage of total count
 G = Total turns spent on level
                    A         B        C        D         E        F      G
               +---------+---------+-------+---------+---------+-------+---------
         Total |       0 |      50 |   0.0 |       0 |      22 |   0.0 |  1249
               +---------+---------+-------+---------+---------+-------+---------
           D:1 |       0 |      23 |   0.0 |       0 |      13 |   0.0 |  1130
           D:2 |       0 |      27 |   0.0 |       0 |       9 |   0.0 |   119
               +---------+---------+-------+---------+---------+-------+---------
